 Dungeon Crawl Stone Soup version 0.30-b1-2-g02819fbbbe (webtiles) character file.

Game seed: 1943776473857605870

4 sanka the Grasshopper (level 1, -1/16 HPs)
             Began as a Vampire Warper on May 16, 2023.
             Slain by a hobgoblin (2 damage)
             ... on level 1 of the Dungeon.
             The game lasted 00:00:19 (136 turns).

sanka the Grasshopper (Vampire Warper)               Turns: 136, Time: 00:00:19

Health: -1/16      AC:  3    Str: 10    XL:     1   Next: 50%
Magic:  3/3        EV: 12    Int: 15    God:
Gold:   19         SH:  0    Dex: 13    Spells: 4/4 levels left

rFire   . . .        a - +0 short sword
rCold   . . .        (no shield)
rNeg    . . .        b - +0 leather armour
rPois   .            (no helmet)
rElec   .            (no cloak)
rCorr   .            (no gloves)
SInv    +            (no boots)
Will    .....        (no amulet)
Stlth   +            (no ring)
HPRegen 0.42/turn    (no ring)
MPRegen 0.08/turn

%: no passive effects
@: lethally poisoned (-1 -> -18), healing quickly
A: alive, fangs 3, see invisible, vampiric 1
a: Exsanguinate


You were on level 1 of the Dungeon.
You visited 1 branch of the dungeon, and saw 1 of its levels.

You collected 19 gold pieces.

Inventory:

Hand Weapons
 a - a +0 short sword (weapon)
Missiles
 d - 7 boomerangs of dispersal (quivered) {=f}
Armour
 b - a +0 leather armour (worn)
Scrolls
 c - a scroll of blinking
 e - a scroll of identify {unknown}


   Skills:
 - Level 2.0 Fighting
 - Level 2.1 Short Blades
 - Level 0.7 Throwing
 - Level 0.7 Armour
 + Level 2.4 Dodging
 - Level 2.0 Spellcasting
 - Level 2.4 Translocations


You had 4 spell levels left.
You didn't know any spells.
Your spell library contained the following spells:

 Spells                   Type           Power      Damage    Failure   Level
 Blink                    Tloc           16%        N/A       17%         2
 Lesser Beckoning         Tloc           16%        N/A       17%         2
 Teleport Other           Tloc           8%         N/A       34%         3
 Vhi's Electric Charge    Tloc/Air       10%        N/A       50%         3
 Manifold Assault         Tloc           8%         N/A       75%         4


Dungeon Overview and Level Annotations

Branches:
Dungeon (1/15)

Altars:


Innate Abilities, Weirdness & Mutations

Your natural rate of healing is accelerated.
You have razor-sharp teeth.
You have supernaturally acute eyesight. (SInv)
You are afflicted with vampirism.


Message History

A frilled lizard comes into view.
A frilled lizard is nearby!
A goblin comes into view. It is wielding a +0 dagger of venom.
The frilled lizard hisses angrily.
The goblin shouts!
A hobgoblin comes into view.
You miss the frilled lizard. The frilled lizard barely misses you.
You barely miss the frilled lizard.
The frilled lizard bites you but does no damage.
You hit the frilled lizard.
You kill the frilled lizard!
You barely miss the goblin.
The goblin hits you with a +0 dagger of venom.
You are poisoned.
You hit the goblin but do no damage.
You feel sick. The goblin barely misses you.
You closely miss the goblin.
You feel sick.
You hit the goblin but do no damage.
You feel sick.
The goblin hits you with a +0 dagger of venom.
You are lethally poisoned!
You hit the hobgoblin.
The hobgoblin is moderately wounded.
You feel very sick. The goblin misses you. The hobgoblin misses you.
You are too injured to fight recklessly!
You are too injured to fight recklessly!
Unknown command.
You closely miss the goblin. Your bite misses the goblin.
You feel sick. The goblin hits you but does no damage.
You are more poisoned.
The hobgoblin closely misses you.
Unknown command.
You barely miss the hobgoblin.
The hobgoblin is moderately wounded.
* * * LOW HITPOINT WARNING * * *
You feel very sick.
The goblin hits you with a +0 dagger of venom.
* * * LOW HITPOINT WARNING * * *
You are more poisoned.
The hobgoblin hits you.
You die...

#.... #.....
#..... #.....
#....#####
+........
#...gg†# .#
#....@.# .
#.#:.....#
.##.#.#
#.#....###
#..#.#.#
#.#....#
##.#.#.#
#.#...##
...#.#.#
#.#)..#
...#.#.#
#(#...#
...#.#.#
#.#.###
##.#...###.#.#


You could see a hobgoblin and a goblin.

Vanquished Creatures
  2 ball pythons (D:1)
  A frilled lizard (D:1)
  A goblin (D:1)
4 creatures vanquished.

Notes
Turn   | Place    | Note
-------+----------+-------------------------------------------
     0 | D:1      | sanka the Vampire Warper began the quest for the Orb.
     0 | D:1      | Reached XP level 1. HP: 16/16 MP: 3/3
   136 | D:1      | Slain by a hobgoblin

Illustrated notes

Levels and vault maps discovered:
D:1:      dpeg_chamrin_arrival_tetris, layout_basic,
          shapermc_ecumenical_altar_pompeii, serial_curves, eino_curves_01,
          eino_curves_01

Skill      XL: |  1 |
---------------+----+-----
Fighting       | 2 |  2.0
Short Blades   | |  2.1
Throwing       | |  0.7
Armour         | |  0.7
Dodging        | |  2.4
Spellcasting   | |  2.0
Translocations | |  2.4

Action                     || total
---------------------------++-------
  Melee: Short sword       ||    15
         Bite              ||     1
   Stab: Sleeping          ||     1
 Armour: Leather armour    ||     2
  Dodge: Dodged            ||     9
